 Dungeon Crawl Stone Soup version 0.23-a0-449-g8e4cbf7 (webtiles) character file.

156 nikopol the Firebug (level 5, 0/28 HPs)
             Began as a Deep Elf Fire Elementalist on Nov 20, 2018.
             Slain by an orc
             ... wielding a +0 war axe
              (3 damage)
             ... on level 4 of the Dungeon on Nov 21, 2018.
             The game lasted 00:06:51 (2596 turns).

nikopol the Firebug (Deep Elf Fire Elementalist)    Turns: 2596, Time: 00:06:52

Health: 0/28       AC:  4    Str:  5    XL:     5   Next: 15%
Magic:  12/13      EV: 13    Int: 21    God:
Gold:   115        SH:  0    Dex: 15    Spells: 2/12 levels left

rFire    . . .     SeeInvis .   (no weapon)
rCold    . . .     Gourm    .   (no shield)
rNeg     . . .     Faith    .   a - +0 robe
rPois    .         Spirit   .   i - +0 helmet
rElec    .         Reflect  .   (no cloak)
rCorr    .         Harm     .   (no gloves)
MR       .....                  n - +0 pair of boots
Stlth    ++........             (no amulet)
HPRegen  0.09/turn              (no ring)
MPRegen  0.13/turn              (no ring)

@: no status effects
A: no striking features
a: no special abilities


You were on level 4 of the Dungeon.
You were not hungry.

You visited 1 branch of the dungeon, and saw 4 of its levels.

You collected 115 gold pieces.

Inventory:

Armour
 a - a +0 robe (worn)
 i - a +0 helmet (worn)
 n - a +0 pair of boots (worn)
Jewellery
 f - a cursed ring of teleportation {unknown}
Scrolls
 b - a scroll of teleportation {unknown}
 d - a scroll of identify {unknown}
 g - 2 scrolls of enchant armour {unknown}
 h - a scroll of fog {unknown}
 k - a scroll of blinking {unknown}
 l - a scroll of enchant weapon {unknown}
Potions
 e - 2 potions of agility {unknown}
 j - 2 potions of curing {unknown}
 m - a potion of berserk rage {unknown}
Comestibles
 c - 2 rations
 o - a chunk of flesh


   Skills:
 + Level 0.2 Fighting
 + Level 2.8 Dodging
 + Level 3.3 Stealth
 + Level 4.1 Spellcasting
 + Level 2.4 Conjurations
 + Level 4.8 Fire Magic


You had 2 spell levels left.
You knew the following spells:

 Your Spells              Type           Power        Failure   Level  Hunger
a - Flame Tongue          Conj/Fire      ###..        2%          1    None
b - Throw Flame           Conj/Fire      ###...       4%          2    #......
c - Conjure Flame         Conj/Fire      ###.....     8%          3    ###....
d - Sticky Flame          Conj/Fire      ###.....     26%         4    ####...

Your spell library contained the following spells:

 Spells                   Type           Power        Failure   Level  Hunger
 Inner Flame              Hex/Fire       ##......     13%         3    ###....
 Fireball                 Conj/Fire      ###.......   58%         5    ######.


Dungeon Overview and Level Annotations

Branches:
Dungeon (4/15)
 Temple: D:4-7

Altars:


Message History

The orc is almost dead.
The orc barely misses you.
Found a stone staircase leading up.
The orc misses you. The orc hits you with a +0 club.
Found 7 gold pieces.
The orc misses you.
You closely miss the orc.
The orc is almost dead.
The orc closely misses you.
The ogre hits you with a cursed -2 giant club!
* * * LOW HITPOINT WARNING * * *
The orc hits you with a +0 war axe.
* * * LOW HITPOINT WARNING * * *
The ogre closely misses you. The orc completely misses you.
The orc hits you with a +0 hand axe.
* * * LOW HITPOINT WARNING * * *
The orc barely misses you. The orc hits you with a +0 war axe.
You die...

##.......##
#.........#
#.........#
#.........#####
#.........#....
#..............
#......oo.# .$#
#......oO@##..#
#.......o..<..#
#............##
#...>.......##
##.<........#
##.....#####
#######


You could see an ogre and 4 orcs.

Vanquished Creatures
  An orc priest (D:3)
  Terence (D:3)
  3 adders
  A worm (D:3)
  2 dart slugs
  5 leopard geckos
  6 orcs
  A ball python (D:1)
  2 giant cockroaches (D:3)
  5 goblins
  5 hobgoblins
  7 kobolds
  3 quokkas
  6 bats
  3 frilled lizards
  12 rats
63 creatures vanquished.

Notes
Turn   | Place    | Note
-------+----------+-------------------------------------------
     0 | D:1      | nikopol the Deep Elf Fire Elementalist began the quest for
                  | the Orb.
     0 | D:1      | Reached XP level 1. HP: 10/10 MP: 6/6
   199 | D:1      | Reached XP level 2. HP: 15/15 MP: 6/8
   835 | D:2      | Learned a level 2 spell: Throw Flame
   913 | D:2      | Reached XP level 3. HP: 19/19 MP: 5/9
   918 | D:2      | Learned a level 3 spell: Conjure Flame
  1702 | D:3      | Reached XP level 4. HP: 24/24 MP: 5/11
  1709 | D:3      | Learned a level 4 spell: Sticky Flame
  1812 | D:3      | Upgraded the game from 0.23-a0-448-g1c01f63 to
                  | 0.23-a0-449-g8e4cbf7
  2000 | D:3      | Noticed Terence
  2010 | D:3      | Killed Terence
  2010 | D:3      | Reached XP level 5. HP: 28/28 MP: 1/13
  2573 | D:4      | Noticed an ogre
  2596 | D:4      | Slain by an orc

Vault maps used:
D:1:      minmay_arrival_cross, minivault_19
D:2:      minmay_tree_intersection
D:3:      uniq_terence
D:4:      minmay_temple_entry_enclosed_plants, first_ration, elyvilon_altar_4

Skill      XL: |  1  2  3  4 |
---------------+-------------+-----
Fire Magic     | 4 |  4.8
Stealth        | 3 |  3.3
Conjurations   | 2 |  2.4
Spellcasting   | 4 |  4.1
Fighting       | |  0.2
Dodging        | |  2.8

Action                   |  1- 3 |  4- 6 || total
-------------------------+-------+-------++-------
Melee: Unarmed           |       |     1 ||     1
 Cast: Flame Tongue      |    68 |    44 ||   112
       Throw Flame       |     1 |       ||     1
       Conjure Flame     |       |     1 ||     1
  Eat: Chunk             |     2 |     3 ||     5
Armor: Robe              |     3 |       ||     3
Dodge: Dodged            |    10 |    11 ||    21

Table legend:
 A = Non-vault XP
 B = Vault XP
 C = Vault XP percentage of total XP
 D = Non-vault monster count
 E = Vault monster count
 F = Vault count percentage of total count
                 A         B        C        D         E       F
            +---------+---------+-------+---------+---------+-------
      Total |     192 |      32 |  14.3 |      62 |       1 |   1.6
            +---------+---------+-------+---------+---------+-------
        D:1 |      16 |       0 |   0.0 |      12 |       0 |   0.0
        D:2 |      55 |       0 |   0.0 |      24 |       0 |   0.0
        D:3 |     118 |      32 |  21.3 |      25 |       1 |   3.8
        D:4 |       3 |       0 |   0.0 |       1 |       0 |   0.0
            +---------+---------+-------+---------+---------+-------
